 Dungeon Crawl Stone Soup version 0.32-a0-17-gb74e046682 (webtiles) character file.

Game seed: 15325543127823102573

149174 croobank the Scholar of Death (level 16, -4/85 HPs)
             Began as a Felid Summoner on Jan 14, 2024.
             Was a Follower of Kikubaaqudgha.
             Collided with a mana viper (36 damage)
             ... after being knocked back by Bai Suzhen
             ... on level 3 of the Snake Pit on Jan 15, 2024.
             The game lasted 03:55:10 (43245 turns).

croobank the Scholar of Death (Felid Summoner)     Turns: 43245, Time: 03:55:11

Health: -4/85      AC:  3    Str:  7    XL:     16   Next: 95%
Magic:  1/35       EV: 39    Int: 19    God:    Kikubaaqudgha [*.....]
Gold:   75         SH:  0    Dex: 19    Spells: 3/43 levels left
                                        Lives:  0   Deaths: 3

rFire   . . .        (weapon unavailable)
rCold   + . .        (shield unavailable)
rNeg    + + +        (body armour unavailable)
rPois   +            (helmet unavailable)
rElec   +            (cloak unavailable)
rCorr   .            (gloves unavailable)
SInv    +            (boots unavailable)
Will    +....        e - amulet of the acrobat
Stlth   ++++         B - ring of the Ban {rPois rN+++ Str-5 Int-4 Stlth+}
HPRegen 0.34/turn    I - ring "Miepun" {rElec Str+6}
MPRegen 0.24/turn

%: acrobat
@: brilliant, weak-willed, acrobatic, animating dead, hasted, very quick
A: very small, claws 1, fangs 3, see invisible, shaggy fur 3, stealthy paws, no
weapons or thrown items, no armour, multi-lived
a: Renounce Religion, Unearth Wretches


You were on level 3 of the Snake Pit.
You worshipped Kikubaaqudgha.
Kikubaaqudgha was aware of your devotion.
You visited 5 branches of the dungeon, and saw 26 of its levels.

You collected 2390 gold pieces.
You spent 2315 gold pieces at shops.

Inventory:

Jewellery
 d - a ring of flight
 e - an amulet of the acrobat (around neck)
 k - a ring of positive energy
 v - a +6 ring of dexterity
 x - a ring of protection from cold
 B - the ring of the Ban (left paw) {rPois rN+++ Str-5 Int-4 Stlth+}
   (You found it on level 2 of the Lair of Beasts)

   [ring of poison resistance]

   Str-5:     It affects your strength (-5).
   Int-4:     It affects your intelligence (-4).
   rPois:     It protects you from poison rN+++: It renders you almost immune to
   negative energy.
   Stlth+:    It makes you more stealthy.
 E - a +5 ring of evasion
 F - a ring of wizardry
 I - the ring "Miepun" (right paw) {rElec Str+6}
   (You bought it in a shop on level 1 of the Orcish Mines)

   [ring of strength]

   Str+6:     It affects your strength (+6).
   rElec:     It insulates you from electricity.
 M - a ring of fire
 N - a ring of protection from fire
 P - a +6 ring of strength
Talismans
 n - a serpent talisman
 O - a storm talisman
Wands
 a - a wand of mindburst (8)
 q - a wand of flame (21)
 s - a wand of digging (4)
 y - a wand of paralysis (5)
 A - a wand of polymorph (11)
Scrolls
 b - a scroll of immolation
 f - a scroll of fear
 g - 2 scrolls of poison
 h - 12 scrolls of identify
 j - 5 scrolls of teleportation
 m - 5 scrolls of silence
 o - 4 scrolls of revelation
 p - 4 scrolls of amnesia
 z - 2 scrolls of vulnerability
 H - 5 scrolls of fog
Potions
 c - 3 potions of mutation
 l - a potion of brilliance
 r - 2 potions of curing
 t - 2 potions of lignification
 w - 3 potions of might
 C - 2 potions of ambrosia
 D - 6 potions of haste
 J - 3 potions of enlightenment
 K - a potion of cancellation
Miscellaneous
 u - a phial of floods (inert)


   Skills:
 - Level 10.0 Fighting
 - Level 10.0 Dodging
 - Level 5.0 Stealth
 + Level 14.1 Spellcasting
 - Level 7.0 Hexes
 - Level 13.0 Summonings
 + Level 19.2 Necromancy
 - Level 4.6 Fire Magic
 - Level 5.1 Air Magic


You had 3 spell levels left.
You knew the following spells:

 Your Spells              Type           Power      Damage    Failure   Level
a - Summon Small Mammal   Summ           100%       N/A       1%          1
c - Call Canine Familiar  Summ           76%        N/A       1%          3
d - Summon Blazeheart Go  Fire/Summ      63%        N/A       1%          4
e - Summon Lightning Spi  Summ/Air       64%        N/A       1%          4
f - Summon Mana Viper     Hex/Summ       67%        N/A       2%          5
A - Animate Dead          Necr           92%        N/A       1%          4
H - Haunt                 Necr/Summ      42%        N/A       5%          7
I - Infestation           Necr           46%        N/A       12%         8
M - Martyr's Knell        Necr/Summ      84%        N/A       1%          4

Your spell library contained the following spells:

 Spells                   Type           Power      Damage    Failure   Level
 Sublimation of Blood     Necr           92%        N/A       0%          2
 Vampiric Draining        Necr           92%        2d12      0%          3
 Kiss of Death            Conj/Necr      100%       2d13      1%          1
 Call Imp                 Summ           100%       N/A       1%          2
 Cigotuvi's Dreadful Rot  Necr/Alch/Air  100%       N/A       1%          2
 Jinxbite                 Hex            100%       N/A       1%          2
 Inner Flame              Hex/Fire       52%        N/A       1%          3
 Summon Ice Beast         Ice/Summ       54%        N/A       1%          3
 Magic Dart               Conj           80%        1d7       4%          1
 Lesser Beckoning         Tloc           40%        N/A       8%          2
 Searing Ray              Conj           40%        2d5       8%          2
 Gell's Gravitas          Tloc           20%        N/A       14%         3
 Stone Arrow              Conj/Erth      40%        3d9       14%         3
 Teleport Other           Tloc           20%        N/A       14%         3
 Dispel Undead            Necr           92%        3d29      1%          4
 Curse of Agony           Necr           92%        N/A       1%          5
 Borgnjor's Vile Clutch   Necr/Erth      33%        N/A       2%          5
 Borgnjor's Revivificati  Necr           46%        N/A       12%         8
 Vhi's Electric Charge    Tloc/Air       68%        N/A       17%         4
 Ignite Poison            Fire/Alch      33%        N/A       19%         4
 Monstrous Menagerie      Summ           38%        N/A       21%         7
 Summon Hydra             Summ           38%        N/A       21%         7
 Yara's Violent Unravell  Hex/Alch       20%        3d9       32%         5
 Fulminant Prism          Conj/Alch      10%        3d8       43%         4
 Petrify                  Alch/Erth      20%        N/A       43%         4
 Arcjolt                  Conj/Air       17%        1d27      43%         5
 Freezing Cloud           Conj/Ice/Air   14%        6-21      54%         5
 Irradiate                Conj/Alch      10%        3d15      80%         5
 Death's Door             Necr           46%        N/A       88%         9
 Enfeeble                 Hex            28%        N/A       93%         7
 Ignition                 Fire           23%        3d8       100%        8
 Lehudib's Crystal Spear  Conj/Erth      10%        10d4      100%        8
 Maxwell's Capacitive Co  Air            24%        ∞         100%        8
 Animate Armour           Summ/Erth      Unusable   N/A       N/A         4

Dungeon Overview and Level Annotations

Branches:
Dungeon (15/15)            Temple (1/1) D:4            Lair (5/5) D:8
 Shoals (0/4) Lair:2        Snake (3/4) Lair:3        Slime (0/5) Lair:4
    Orc (2/2) D:11            Elf (0/3) Orc:2        Vaults (0/5) D:14
 Depths (0/4) D:15

Altars:
Ashenzari
Cheibriados
Dithmenos
Elyvilon
Fedhas
Gozag
Hepliaklqana
Kikubaaqudgha
Makhleb
Nemelex Xobeh
Okawaru
Qazlal
Ru
Sif Muna
Trog
Uskayaw
Vehumet
Wu Jian
Xom
Yredelemnul
Zin
The Shining One
Jiyva

Shops:
D:4 [   D:7 *   D:15 *   Orc:1 =   Orc:2 ?[=!*   Snake:1 ?(*=[   Snake:2 *??

Portals:
Pandemonium: Orc:2

Annotations:
D:5 1 transporter
D:9 1 runed translucent door
Snake:3 Bai Suzhen


Innate Abilities, Weirdness & Mutations

You have sharp claws.
You have razor-sharp teeth.
You have supernaturally acute eyesight. (SInv)
Your thick and shaggy fur keeps you warm. (AC +3, rC+)
Your paws help you pounce on unaware monsters.
You are incapable of wielding weapons or throwing items.
You cannot wear armour.
You gain extra lives every three experience levels.


Message History

Anything else - Cancel.
Gang up on whom?
Press: ? - help, Dir - move target, f/p - Bai Suzhen
Aim: Bai Suzhen (flame, severely wounded, inner flame, surrounded by thunder, unaffected by silence, catching her breath, weak-willed, waterlogged)
Okay, then.
Aiming: Corrosive Bolt
Press: ? - help, Shift-Dir - straight line, f/p - Bai Suzhen
Aim: Bai Suzhen (flame, severely wounded, inner flame, surrounded by thunder, unaffected by silence, catching her breath, weak-willed, waterlogged, 94% to hit)
The bolt of acid hits Bai Suzhen.
The acid corrodes Bai Suzhen!
Flame seeps out of Bai Suzhen.
Bai Suzhen is almost dead.
Bai Suzhen is engulfed in blazing flames.
Flame seeps out of Bai Suzhen.
Aiming: Corrosive Bolt
Press: ? - help, Shift-Dir - straight line, f/p - Bai Suzhen
Aim: Bai Suzhen (flame, almost dead, inner flame, surrounded by thunder, unaffected by silence, catching her breath, weak-willed, covered in acid, waterlogged, 94% to hit)
The bolt of acid hits Bai Suzhen!
Flame seeps out of Bai Suzhen.
Bai Suzhen is almost dead.
The now-empty wand crumbles to dust.
Bai Suzhen is no longer waterlogged.
Bai Suzhen is engulfed in blazing flames.
Flame seeps out of Bai Suzhen.
Aiming: Mindburst
Press: ? - help, Shift-Dir - straight line, f/p - Bai Suzhen
Aim: Bai Suzhen (almost dead, inner flame, surrounded by thunder, catching her breath, weak-willed, covered in acid, chance to affect: 37%)
Okay, then.
Casting: Animate Dead (safe; 1% risk of failure)
Confirm with . or Enter, or press ? or * to list all spells.
Okay, then.
Casting: Animate Dead (safe; 1% risk of failure)
Confirm with . or Enter, or press ? or * to list all spells.
You feel a surge of power!
A mana viper appears with a sibilant hiss.
You swap places.
Bai Suzhen breathes water at you.
The torrent of water hits your mana viper!!!
Your mana viper is knocked back by the torrent of water.
Your mana viper collides with you!
You die...
Kikubaaqudgha rasps: "You have failed me!
Welcome... death!"

#.# #.# # ### ## # #.##. #.####<#
.# #...# . #.Z...## #. ##.Z. ..##
#.####.# #.## #..Z# #..# ##.# #.#
##.###...## #..###..# #.##
##NN~.Z)DD.#
#...Z..####@.####§~N...)§#..
###......##~S##..§~§~§§.## .
#...#.....~§D§§§~##.§§.# # >
##<)..#...###§§§#######.###. .
##..#.....## ##..# #..... ^#
##.)##......## ##.### #...○○
..##..##....)...###....#####..○)°
.....###.........##......##....N°
.(....#...........#..#...#....##.


You could see Bai Suzhen (inner flame, clouds, catching breath, weak-willed,
corroded, ally target) and a friendly mana viper (summoned).

Vanquished Creatures
  A fire dragon (D:15)
  3 hydras
  A rakshasa (D:15)
  3 vault guards (D:14)
  7 anacondas
  A centaur warrior (D:14)
  2 catoblepae
  5 two-headed ogres
  A boulder beetle (D:15)
  A death yak (Lair:5)
  4 naga sharpshooters
  2 naga warriors
  5 shock serpents
  A skyshark (Lair:3)
  A salamander mystic (Snake:3)
  5 mana vipers
  An arcanist (D:14)
  A harpy (Lair:2)
  A naga ritualist (Snake:1)
  A deep elf pyromancer (D:15)
  A necromancer (D:15)
  A human zombie (Lair:3)
  An orc sorcerer (Orc:2)
  2 ugly things (D:15)
  2 centaur zombies (D:15)
  4 cyclopes
  2 manticores
  A meliai (D:15)
  2 elephants (Lair:5)
  Joseph (D:9)
  A kobold blastminer (Orc:1)
  3 guardian serpents
  6 black mambas
  An orange demon (D:9)
  A gargoyle (D:13)
  4 cane toads
  5 naga magi
  A rime drake (shapeshifter) (D:15)
  A freezing wraith (D:9)
  2 komodo dragons
  A queen bee (shapeshifter) (D:15)
  3 trolls
  A wolf spider simulacrum (D:9)
  A blink frog (Lair:5)
  2 polar bears
  A wyvern (D:9)
  A vampire (D:10)
  A warg (Orc:1)
  53 yaks
  5 wraiths
  3 humans (D:14)
  2 vampire mosquitoes (D:15)
  Edmund (D:5)
  A basilisk (Lair:4)
  9 nagas
  A cane toad zombie (Lair:1)
  6 water moccasins
  Duvessa (D:6)
  2 orc warriors (Orc:2)
  2 ice beasts (D:8)
  An ogre (D:5)
  A wolf (D:8)
  A komodo dragon zombie (Lair:2)
  Blork the orc (D:5)
  3 bullfrogs
  A cyclops zombie (D:11)
  2 water moccasin zombies
  5 wights
  8 yak zombies
  A troll zombie (D:10)
  A polar bear zombie (Lair:5)
  A howler monkey (D:8)
  A bullfrog zombie (Lair:1)
  3 orc priests
  An iguana (D:5)
  An orc wizard (D:13)
  4 naga zombies
  An elf zombie (D:6)
  5 orcs
  2 ball pythons
  4 bats
  An endoplasm (D:2)
  A giant cockroach (D:3)
  2 hobgoblins (D:3)
  A quokka (D:3)
  2 orc zombies (Orc:2)
  2 rats (D:3)
243 creatures vanquished.

Vanquished Creatures (collateral kills)
  Rupert (Lair:3)
  2 nagarajas
  Josephine (Lair:5)
  A rakshasa (D:15)
  A vault guard (D:14)
  2 demonspawn (Orc:2)
  6 centaur warriors
  3 anacondas
  2 salamander tyrants
  Erolcha (Orc:2)
  7 naga warriors
  4 catoblepae
  2 boulder beetles (D:14)
  5 naga sharpshooters
  2 two-headed ogres
  A tengu warrior (D:15)
  2 occultists (D:15)
  5 death yaks (Lair:5)
  3 shock serpents
  6 orc high priests (Orc:2)
  A sun demon (Orc:2)
  A soul eater (Orc:2)
  Urug (Orc:1)
  Amaemon (D:9)
  3 salamander mystics
  A skyshark (Lair:5)
  4 naga ritualists
  4 mana vipers
  A harpy (Lair:2)
  A lindwurm (Lair:5)
  4 orc knights
  A wolf spider zombie (D:15)
  2 necromancers (D:14)
  2 deep elf pyromancers (D:15)
  8 ugly things
  6 orc sorcerers
  A wolf spider (D:15)
  2 cyclopes
  3 oklob plants (Lair:4)
  2 manticores (Lair:5)
  27 salamanders
  3 guardian serpents
  8 elephants (Lair:5)
  A kobold blastminer (Orc:2)
  20 black mambas
  20 naga magi
  5 cane toads
  A centaur skeleton (D:15)
  A rime drake (shapeshifter) (D:14)
  5 komodo dragons
  3 rime drakes
  An efreet (D:14)
  Jeremiah (D:6)
  A yaktaur (D:14)
  2 trolls
  A hellwing (Orc:2)
  6 blink frogs
  Prince Ribbit (D:6)
  7 dream sheep
  5 slime creatures
  49 yaks
  4 wraiths
  3 nameless horrors
  2 wargs
  2 wyverns
  A steam dragon (D:8)
  13 humans (D:14)
  A basilisk (Lair:4)
  5 vampire mosquitoes
  37 nagas
  12 water moccasins
  22 orc warriors
  2 ice beasts (D:8)
  2 black bears
  A sky beast (D:7)
  3 ogres
  7 wolves
  9 centaurs
  3 phantoms
  16 bullfrogs
  A kobold brigand (D:11)
  2 scorpions
  6 wights
  Dowan (D:6)
  An electric eel (Lair:4)
  A howler monkey (D:8)
  2 hounds (D:5)
  A jelly (D:5)
  2 bombardier beetles
  A gnoll bouda (D:8)
  7 orc priests
  2 sleepcaps
  2 iguanas
  11 orc wizards
  10 gnolls
  9 adders
  A shadow imp (D:7)
  2 white imps (D:6)
  4 ufetubi
  A dart slug (D:1)
  2 ribbon worms
  45 orcs
  A bat (D:2)
  5 endoplasms
  2 giant cockroaches
  7 goblins
  4 hobgoblins
  A quokka (D:2)
  A ball python (D:1)
  2 frilled lizards
  7 kobolds
  2 orc zombies
  7 rats
  2 butterflies (D:8)
574 creatures vanquished.

Vanquished Creatures (others)
  2 nagarajas (Snake:2)
  An ogre mage (D:15)
  A naga warrior (Snake:2)
  4 naga sharpshooters
  A shock serpent (Snake:3)
  4 anaconda zombies
  4 naga ritualists
  A mana viper (Snake:3)
  A harpy (D:15)
  A wolf spider zombie (D:15)
  7 ugly thing zombies (D:15)
  An orc knight (Orc:1)
  A salamander (Snake:2)
  A cyclops (D:15)
  11 black mambas
  4 shock serpent zombies
  4 mana viper zombies
  A guardian serpent (Snake:3)
  5 naga magi
  A death yak zombie (Lair:5)
  A cane toad (Lair:3)
  A catoblepas zombie (Lair:2)
  2 harpy zombies
  A blink frog (Lair:1)
  A boulder beetle zombie (D:15)
  A fire dragon zombie (D:15)
  A meliai zombie (D:15)
  4 guardian serpent zombies
  16 black mamba zombies
  A spriggan (shapeshifter) (D:15)
  A yak (D:15)
  3 slime creature zombies (D:12)
  A warg (Orc:2)
  10 human zombies
  48 naga zombies
  A demonspawn zombie (Orc:2)
  9 nagas
  A skyshark zombie (Lair:5)
  2 cane toad zombies
  A water moccasin (Lair:3)
  A two-headed ogre zombie (D:14)
  2 manticore zombies
  2 orc warriors
  An elf zombie (D:15)
  An ogre (Orc:1)
  3 elephant zombies (Lair:5)
  4 blink frog zombies
  A rime drake zombie (D:15)
  A kobold zombie (Orc:2)
  12 salamander zombies
  A wyvern zombie (Lair:5)
  2 cyclops zombies (D:15)
  2 warg zombies (Orc:2)
  24 yak zombies
  3 water moccasin zombies
  A troll zombie (D:14)
  A spriggan zombie (D:15)
  5 wolf zombies (Lair:3)
  A bullfrog zombie (Lair:3)
  6 centaur zombies
  A hound (D:15)
  2 ogre zombies
  A hound zombie (D:15)
  48 orc zombies
  A ball python zombie (D:15)
  122 blazeheart cores
411 creatures vanquished.

Grand Total: 1228 creatures vanquished

Notes
Turn   | Place    | Note
-------+----------+-------------------------------------------
     0 | D:1      | croobank the Felid Summoner began the quest for the Orb.
     0 | D:1      | Reached XP level 1. HP: 9/9 MP: 4/4
    81 | D:1      | Found a faded altar of an unknown god.
   269 | D:1      | Reached XP level 2. HP: 13/13 MP: 3/6
   276 | D:1      | Learned a level 2 spell: Call Imp
  1050 | D:2      | Reached XP level 3. HP: 16/16 MP: 3/7
  1054 | D:2      | Learned a level 3 spell: Call Canine Familiar
  1098 | D:2      | Found a radiant altar of Vehumet.
  1508 | D:2      | Noticed an ogre
  1522 | D:2      | Killed an ogre
  1523 | D:2      | Reached XP level 4. HP: 21/21 MP: 3/9
  1523 | D:2      | Gained a life (2 lives remaining)
  1523 | D:2      | Reached XP level 5. HP: 24/24 MP: 3/10
  1946 | D:2      | Learned a level 4 spell: Summon Blazeheart Golem
  3662 | D:4      | Gained mutation: You are covered in thick fur. (AC +2)
                  | [Felid growth]
  3662 | D:4      | Reached XP level 6. HP: 29/29 MP: 4/11
  3679 | D:4      | Reached skill level 1 in Fighting
  3703 | D:4      | Reached skill level 5 in Stealth
  3712 | D:4      | Reached skill level 5 in Summonings
  3712 | D:4      | Reached skill level 1 in Fire Magic
  3816 | D:4      | Found Qoridwem's Antique Armour Boutique.
  3842 | D:4      | Found an ancient bone altar of Kikubaaqudgha.
  3856 | D:4      | Became a worshipper of Kikubaaqudgha
  4124 | D:4      | Found a staircase to the Ecumenical Temple.
  4140 | Temple   | Entered the Ecumenical Temple
  4208 | D:4      | Reached skill level 5 in Dodging
  4518 | D:5      | Entered Level 5 of the Dungeon
  4633 | D:5      | Reached XP level 7. HP: 17/35 MP: 6/13
  4847 | D:5      | Noticed Edmund
  4855 | D:5      | Killed Edmund
  5143 | D:5      | Reached XP level 8. HP: 40/40 MP: 4/15
  5148 | D:5      | Learned a level 4 spell: Summon Lightning Spire
  5292 | D:5      | Noticed Blork the orc
  5305 | D:5      | Killed Blork the orc
  5515 | D:5      | Reached skill level 1 in Air Magic
  5671 | D:5      | Found a sparkling altar of Nemelex Xobeh.
  5671 | D:5      | Found a transporter.
  5943 | D:5      | dig for transponder
  5943 | D:5      | ?
  5999 | D:6      | Noticed Jeremiah
  6342 | D:6      | Found a snail-covered altar of Cheibriados.
  6350 | D:6      | Found a shimmering blue altar of Sif Muna.
  6496 | D:6      | Killed Jeremiah
  6628 | D:6      | Reached * piety under Kikubaaqudgha
  6628 | D:6      | Received a gift from Kikubaaqudgha
  6675 | D:6      | Noticed Dowan
  7090 | D:6      | Found a burning altar of Makhleb.
  7110 | D:6      | Noticed a nameless horror
  7120 | D:6      | Killed a nameless horror
  7499 | D:6      | Noticed Prince Ribbit
  7510 | D:6      | Killed Prince Ribbit
  7511 | D:6      | Reached XP level 9. HP: 45/45 MP: 6/17
  7983 | D:7      | Noticed a two-headed ogre
  7992 | D:7      | Killed a two-headed ogre
  7993 | D:7      | Reached skill level 5 in Spellcasting
  8784 | D:7      | Found a radiant altar of Vehumet.
  8799 | D:7      | Found Fiomm's General Store.
  8807 | D:7      | Bought a wand of mindburst (3) for 54 gold pieces
  8807 | D:7      | Bought a scroll of poison for 52 gold pieces
  8807 | D:7      | Bought a scroll of teleportation for 39 gold pieces
  9407 | D:6      | Reached skill level 5 in Fighting
  9610 | D:7      | Reached skill level 5 in Air Magic
  9873 | D:7      | Reached XP level 10. HP: 46/51 MP: 15/19
 10382 | D:8      | Learned a level 4 spell: Animate Dead
 10602 | D:8      | Reached skill level 1 in Necromancy
 10604 | D:8      | Found an ornate altar of the Wu Jian Council.
 10743 | D:8      | Reached skill level 2 in Necromancy
 10864 | D:8      | Reached ** piety under Kikubaaqudgha
 10895 | D:8      | Reached skill level 3 in Necromancy
 11106 | D:8      | Found a shimmering altar of Xom.
 11287 | D:8      | Reached skill level 4 in Necromancy
 11365 | D:8      | Found a staircase to the Lair.
 11924 | D:9      | Noticed a two-headed ogre
 11935 | D:9      | Killed a two-headed ogre
 11936 | D:9      | Reached skill level 5 in Necromancy
 11941 | D:9      | Noticed a two-headed ogre
 11945 | D:9      | Noticed Joseph
 11950 | D:9      | Killed a two-headed ogre
 11966 | D:9      | Killed Joseph
 11967 | D:9      | Reached skill level 6 in Necromancy
 12084 | D:9      | Reached XP level 11. HP: 56/56 MP: 14/22
 12226 | D:9      | Noticed Amaemon
 12247 | D:9      | Killed Amaemon
 12248 | D:9      | Reached skill level 7 in Necromancy
 12719 | D:9      | Reached skill level 8 in Necromancy
 12851 | D:9      | Found a runed translucent door.
 13189 | D:9      | Noticed a fire crab
 13330 | D:10     | Entered Level 10 of the Dungeon
 13409 | D:10     | Noticed a two-headed ogre
 13421 | D:10     | Killed a two-headed ogre
 14161 | D:10     | Reached *** piety under Kikubaaqudgha
 14161 | D:10     | Received a gift from Kikubaaqudgha
 14162 | D:10     | Reached skill level 9 in Necromancy
 14603 | D:11     | Found a staircase to the Orcish Mines.
 14687 | D:11     | Learned a level 4 spell: Martyr's Knell
 14900 | D:11     | Noticed a two-headed ogre
 14917 | D:11     | Killed a two-headed ogre
 14918 | D:11     | Gained mutation: Your thick and shaggy fur keeps you warm.
                  | (AC +3, rC+) [Felid growth]
 14918 | D:11     | Reached XP level 12. HP: 60/60 MP: 11/25
 15677 | D:12     | Noticed a two-headed ogre
 15686 | D:12     | Killed a two-headed ogre
 15687 | D:12     | Reached skill level 10 in Summonings
 15937 | D:12     | Reached skill level 10 in Necromancy
 16116 | D:13     | Noticed a centaur warrior
 16510 | D:6      | Noticed Duvessa
 16519 | D:6      | Killed Duvessa
 16523 | D:6      | Your ally Duvessa died
 16540 | D:6      | Killed Dowan
 17228 | Lair:1   | Entered Level 1 of the Lair of Beasts
 17569 | Lair:1   | Found a frozen archway.
 17916 | Lair:2   | Noticed a catoblepas
 17923 | Lair:2   | Killed a catoblepas
 17924 | Lair:2   | Reached skill level 10 in Dodging
 17936 | Lair:2   | Reached skill level 11 in Necromancy
 18086 | Lair:2   | Reached **** piety under Kikubaaqudgha
 18280 | Lair:2   | Found a dark tunnel.
 18356 | Lair:2   | Found a staircase to the Shoals.
 18382 | Lair:2   | Reached XP level 13. HP: 36/67 MP: 7/27
 18769 | Lair:2   | Reached skill level 12 in Necromancy
 19272 | Lair:2   | Identified the ring of the Ban {rPois rN+++ Str-5 Int-4
                  | Stlth+}
 19503 | Lair:3   | Noticed Rupert
 19511 | Lair:3   | Killed Rupert
 19804 | Lair:3   | Reached skill level 10 in Spellcasting
 19970 | Lair:3   | Your ally Rupert died
 20462 | Lair:3   | Reached skill level 13 in Necromancy
 20570 | Lair:3   | Found a staircase to the Snake Pit.
 20819 | Lair:4   | Reached ***** piety under Kikubaaqudgha
 21691 | Lair:4   | Found a viscous altar of Jiyva.
 21919 | Lair:4   | Found a staircase to the Slime Pits.
 22019 | Lair:5   | Entered Level 5 of the Lair of Beasts
 22249 | Lair:5   | Reached skill level 14 in Necromancy
 22334 | Lair:5   | Reached XP level 14. HP: 75/75 MP: 23/29
 23567 | Lair:5   | Reached skill level 10 in Fighting
 23827 | Lair:5   | Noticed Josephine
 23836 | Lair:5   | Killed Josephine
 24111 | Lair:5   | Your ally Josephine died
 24439 | Lair:5   | Reached skill level 15 in Necromancy
 25212 | Orc:1    | Entered Level 1 of the Orcish Mines
 25307 | Orc:2    | Entered Level 2 of the Orcish Mines
 25513 | Orc:2    | Found a staircase to the Elven Halls.
 25537 | Orc:2    | Noticed Erolcha
 25547 | Orc:2    | Killed Erolcha
 25756 | Orc:2    | Found Ywkaos's Magic Scroll Shoppe.
 25897 | Orc:2    | Found Cieby's General Store.
 25898 | Orc:2    | Found Sunyqe Lygue's Distillery.
 26069 | Orc:1    | Reached ****** piety under Kikubaaqudgha
 26263 | Orc:1    | Found Ytizai's Jewellery Boutique.
 26267 | Orc:1    | Bought the ring "Miepun" {rElec Str+6} for 600 gold pieces
 26371 | Orc:2    | Bought a scroll of blinking for 97 gold pieces
 26371 | Orc:2    | Bought a scroll of teleportation for 39 gold pieces
 26371 | Orc:2    | Bought a scroll of vulnerability for 52 gold pieces
 26371 | Orc:2    | Bought a scroll of vulnerability for 52 gold pieces
 26571 | Orc:2    | Bought a potion of enlightenment for 65 gold pieces
 26571 | Orc:2    | Bought a potion of cancellation for 104 gold pieces
 26571 | Orc:2    | Bought 2 potions of magic for 208 gold pieces
 26571 | Orc:2    | Bought a potion of haste for 130 gold pieces
 26571 | Orc:2    | Bought a potion of heal wounds for 65 gold pieces
 26571 | Orc:2    | Received a gift from Kikubaaqudgha (forbidden knowledge)
 26703 | Orc:1    | Bought a ring of fire for 300 gold pieces
 26775 | Orc:1    | Noticed Urug
 26786 | Orc:1    | Killed Urug
 27730 | Orc:2    | Reached XP level 15. HP: 80/80 MP: 15/31
 27819 | Orc:2    | Reached skill level 16 in Necromancy
 28144 | Orc:2    | Found Taivexze's Jewellery Shoppe.
 28144 | Orc:2    | Found Yssier's Antique Armour Emporium.
 28216 | Orc:2    | Found a one-way gate leading to the halls of Pandemonium.
 29008 | D:13     | Learned a level 7 spell: Haunt
 31110 | D:14     | Learned a level 8 spell: Infestation
 32132 | D:14     | Found a gate to the Vaults.
 33359 | D:15     | Entered Level 15 of the Dungeon
 33430 | D:15     | Reached skill level 17 in Necromancy
 33920 | D:15     | Found Vaiz's Assorted Antiques.
 33934 | D:15     | Bought a fizzy golden potion for 33 gold pieces
 33962 | D:15     | Found a stormy altar of Qazlal.
 34348 | D:15     | Collided with a crystal wall
 34348 | D:15     | Lost a life (1 life remaining)
 35512 | D:15     | Found a staircase to the Depths.
 36142 | D:15     | Upgraded the game from 0.32-a0-12-g7fc57aa741 to
                  | 0.32-a0-17-gb74e046682
 36411 | Snake:1  | Entered Level 1 of the Snake Pit
 36761 | Snake:1  | Reached XP level 16. HP: 85/85 MP: 22/33
 36761 | Snake:1  | Gained a life (2 lives remaining)
 37141 | Snake:1  | Mangled by a naga warrior
 37141 | Snake:1  | Lost a life (1 life remaining)
 37360 | Snake:1  | Reached skill level 18 in Necromancy
 38558 | Snake:1  | Learned a level 5 spell: Summon Mana Viper
 38668 | Snake:1  | Reached skill level 1 in Hexes
 39279 | Snake:1  | Found Jesh's Armour Shop.
 39289 | Snake:1  | Found Uthrifei's General Store.
 39289 | Snake:1  | Found Eplamunn's Jewellery Emporium.
 39300 | Snake:1  | Bought a ring of protection from fire for 425 gold pieces
 39305 | Snake:1  | Found Tebbu's Weapon Shop.
 39308 | Snake:1  | Found Jakhos's Magic Scroll Emporium.
 39749 | Snake:2  | Reached skill level 5 in Hexes
 40438 | Snake:2  | Found Ejup's Magic Scroll Shoppe.
 40673 | Snake:2  | Found Nananirch's Assorted Antiques.
 41164 | Snake:2  | Found Vipremij's Magic Scroll Boutique.
 41523 | Snake:2  | You fall into a shaft and drop 1 floor!
 42132 | Snake:3  | Reached skill level 19 in Necromancy
 42659 | Snake:3  | Killed from afar by a salamander tyrant
 42659 | Snake:3  | Lost a life (0 lives remaining)
 43189 | Snake:3  | Noticed Bai Suzhen
 43245 | Snake:3  | Collided with a mana viper

Illustrated notes

▓▓▓▓▓▓▓#....####..
▓⌠...⌠▓#...## #..
▓.$...▓#..######..
▓©?8!.▓#..........
▓.|...▓#..........
▓⌠...⌠▓#..........
▓▓▓▓▓▓▓#.#########
#§.....#.# #
#@_....'.#
#§.....###
▓▓▓▓▓▓▓# ▓oh..⌠▓ #
▓.....▓ # ▓©....▓
# ▓.....▓ #
▓⌠...⌠▓ ## ▓▓▓▓▓▓▓
#.


Turn 5943 on D:5: dig for transponder

Levels and vault maps discovered:
D:1:      elethiomel_arrival_quiet, layout_loops_cross, basic_ecumenical_altar,
          serial_bayou_lake_a
D:2:      layout_loops_corners, basic_altar, amethyst_killhole, minivault_27
D:3:      minmay_inner_zag, layout_loops_corners, roderic_roman_lattice
D:4:      layout_basic, mainiacjoe_overflow_24_doors,
          minmay_temple_entry_crystal_x, serial_shops, shop
D:5:      layout_layer_cave, grunt_nemelex_the_gamble, dreamdust_wishing_well,
          uniq_edmund, uniq_blork_the_orc
D:6:      layout_basic, old_standard_altar, mainiacjoe_overflow_big_doors,
          uniq_prince_ribbit1, uniq_jeremiah, uniq_duvessa
D:7:      layout_gridville, fiery_altar_vehumet, serial_shops, shop
D:8:      layout_basic, xom_butterflies, mainiacjoe_overflow_brackets,
          hellmonk_lair_entry_icy
D:9:      layout_loops_ring, minivault_13, uniq_amaemon, uniq_joseph
D:10:     layout_long_grid
D:11:     layout_loops_cross, orc_0_dummy
D:12:     cheibrodos_elevator_heist, layout_loops_ring, kennysheep_nub,
          uniq_snorg
D:13:     layout_basic
D:14:     minmay_skewed_foursquare, layout_basic, grunt_vaults_entry_tiered,
          minmay_staircase_bubble
D:15:     grunt_enter_depths_magical_seal, layout_layer_cave, serial_shops,
          nicolae_shop_dealshenge, minmay_misc_feat_hallway, grunt_qazlal_clouds
Temple:   compressed_dpeg_circular_temple
Lair:1:   layout_cave_shapes, portal_ice_cave_entry_pillars_2
Lair:2:   layout_hall_layers, nicolae_shoals_entry_roost, enter_volcano_2
Lair:3:   layout_gridlike, minmay_snake_entry_guardpost_medium, uniq_rupert
Lair:4:   layout_gridlike, minmay_slime_entry_oklob_enclosed,
          serial_bayou_shore_a, grunt_megastairs_5
Lair:5:   evilmike_catoblepas_cave, layout_regular_city, lemuel_fruit_tree,
          uniq_josephine
Snake:1:  layout_onion_interference, nicolae_snake_squiggles,
          nicolae_snake_serpentine_bazaar
Snake:2:  layout_chambers, serial_shops, shop, shop, shop,
          nicolae_snake_gridmaze_big_u
Snake:3:  layout_layer_cave, serial_shops, freezing_bzr,
          nicolae_snake_salamander_zone, uniq_bai_suzhen
Orc:1:    layout_diamond_mine, serial_shops, shop, basic_altar, uniq_urug
Orc:2:    pf_orc_diabolical, layout_caves, serial_shops,
          nicolae_shop_hallway_plus, uniq_erolcha

Skill      XL: |  1  2  3  4  5  6  7  8  9 10 11 12 13 14 15 16 |
---------------+-------------------------------------------------+-----
Stealth        | 3 4 5 |  5.0
Dodging        | 3 4 5 6 7 8 10 | 10.0
Spellcasting   | 3 4 5 7 8 9 10 11 12 14 | 14.1
Fighting       | 2 3 4 5 7 9 10 | 10.0
Summonings     | 5 6 7 8 9 10 11 13 | 13.0
Fire Magic     | 1 2 3 4 |  4.6
Air Magic      | 3 5 |  5.1
Necromancy     | 6 9 11 14 15 17 19 | 19.2
Hexes          | 7 |  7.0

Action                     |  1- 3 |  4- 6 |  7- 9 | 10-12 | 13-15 | 16-18 || total
---------------------------+-------+-------+-------+-------+-------+-------++-------
  Melee: Unarmed           |     2 |    30 |    45 |    76 |   265 |    35 ||   453
         Bite              |       |     3 |     7 |    21 |    51 |     2 ||    84
         Punch             |       |       |     2 |     2 |       |       ||     4
   Cast: Summon Small Mamm |    25 |    28 |    13 |    16 |    15 |       ||    97
         Call Imp          |    12 |    20 |    10 |    17 |    12 |       ||    71
         Call Canine Famil |     1 |    11 |    12 |    20 |    26 |     6 ||    76
         Summon Blazeheart |       |       |    27 |    63 |   123 |    23 ||   236
         Summon Lightning  |       |       |    10 |    31 |   135 |    37 ||   213
         Animate Dead      |       |       |       |    15 |    48 |    13 ||    76
         Martyr's Knell    |       |       |       |     5 |    50 |    16 ||    71
         Haunt             |       |       |       |       |    19 |    42 ||    61
         Infestation       |       |       |       |       |     4 |       ||     4
         Summon Mana Viper |       |       |       |       |       |    22 ||    22
 Invoke: Unearth Wretches  |       |       |       |     1 |    10 |    19 ||    30
         Receive Forbidden |       |       |       |       |     1 |       ||     1
  Evoke: Wand              |       |       |       |       |    14 |     9 ||    23
         Phial of floods   |       |       |       |       |     1 |     1 ||     2
    Use: Scroll            |       |     5 |    12 |     5 |    12 |    10 ||    44
         Potion            |       |       |     1 |     1 |    11 |     8 ||    21
   Stab: Sleeping          |     2 |     5 |     2 |       |     1 |       ||    10
         Distracted        |       |     1 |       |     1 |     8 |       ||    10
         Paralysed         |       |       |       |     2 |    14 |    28 ||    44
 Armour: Skin              |     2 |     8 |    30 |    36 |   211 |    53 ||   340
  Dodge: Dodged            |     3 |    30 |   129 |   168 |   555 |   152 ||  1037

Table legend: (Time is in decaauts)
 A = Elapsed time spent in this place.
 B = Non-inter-level travel time spent in this place.
 C = Inter-level travel time spent in this place.
 D = Time resting spent in this place.
 E = Time spent auto-exploring this place.
 F = Levels seen in this place.
 G = Mean time per level.
                   A        B        C        D        E       F      G
               +--------+--------+--------+--------+--------+-----+--------+
         Total |  43295 |  41022 |   2273 |  12168 |  19473 |  26 | 1665.2 |
       Dungeon |  25313 |  23641 |   1672 |   6330 |  12857 |  15 | 1687.5 |
        Temple |      1 |      0 |      1 |      0 |      0 |   1 |    1.0 |
          Lair |   8022 |   7712 |    310 |   1683 |   4104 |   5 | 1604.4 |
     Snake Pit |   6830 |   6746 |     84 |   2988 |   1778 |   3 | 2276.7 |
  Orcish Mines |   3127 |   2922 |    205 |   1167 |    734 |   2 | 1563.5 |
               +--------+--------+--------+--------+--------+-----+--------+

Top non-repeatable levels by time:
 Snake:1: 3231 daAuts
  Lair:5: 2900 daAuts
     D:6: 2830 daAuts
    D:15: 2829 daAuts
   Orc:2: 2512 daAuts
    D:14: 2438 daAuts
     D:7: 2321 daAuts
    D:13: 2040 daAuts
     D:8: 1918 daAuts
 Snake:2: 1887 daAuts
 Snake:3: 1712 daAuts
     D:5: 1672 daAuts
  Lair:2: 1482 daAuts
  Lair:3: 1480 daAuts
  Lair:4: 1464 daAuts
